Billy ~E.M~, neutral female gnomish Ranger ------------ |@a.....^..| #------- |`ad....{...####......| |.$ud......| #|.....| |....(...... |.....| .........`.| |.....| ---------+-- +.....| |......#### ------- # ### # ### ----- # |<..+ ##-...| |...| ----- Billy ~E.M~ the Lookout Experience level: 5 Strength: 14 Dexterity: 11 Constitution: 16 Intelligence: 14 Wisdom: 14 Charisma: 7 Health: 0(31) Energy: 31(31) Def: 9 Gold: 196 Moves: 3326 Dungeon seed: H2-4yPsYL8ODyeHO Game ID: Billy ~E.M~_1496494808 Your Inventory: Coins $ - 196 gold pieces Amulets u - an uncursed amulet of ESP (being worn) Weapons b - a blessed +1 crossbow (weapon in hand) c - 14 +2 crossbow bolts (in quiver) d - 39 +0 crossbow bolts v - a +0 bow Armor e - an uncursed +2 cloak of displacement (being worn) n - an uncursed +0 splint mail (being worn) Spellbooks h - an uncursed spellbook of turn undead Rings y - a cursed ring of cold resistance (on left hand) Wands B - a blessed wand of light (0:11) Gems q - an uncursed worthless piece of yellowish brown glass r - an uncursed worthless piece of blue glass Spells and supernatural/magical abilities: Name Level Category Fail Memory T - turn undead 6 clerical 100% 94% W - pray for help -- divine ? -- Your skills at the end: Fighting Skills Weapon Skills dagger [Basic] crossbow [Basic] Spellcasting Skills Final Attributes: You were piously aligned. You were cold resistant. You saw invisible. You were telepathic. You had automatic searching. You had infravision. You were displaced. You are dead. Vanquished creatures: a dingo a bugbear 2 Uruk-hai 2 fog clouds a gnomish wizard a kobold mummy 3 elf zombies a giant ant a kobold shaman 2 rothes a wererat an iguana a coyote 4 hobbits 7 manes a large kobold 2 giant rats 2 cave spiders a brown mold a green mold a gecko 6 jackals a fox 4 goblins 2 sewer rats 4 lichens a kobold zombie 7 newts 62 creatures vanquished. Voluntary challenges: You had followed a strict vegan diet until turn 1820. You had followed a strict vegetarian diet until turn 1820. You were an atheist. You used a wielded weapon 26 times, starting on turn 28. You read items or engraved 50 times, starting on turn 1971. You never genocided any monsters. You never polymorphed an object. You never changed form. You used no wishes. You never split a pudding. You never wrote Elbereth's name. You violated your moral code, losing 10 points of alignment, starting on turn 3178. Dungeon overview: The Dungeons of Doom: levels 1 to 7 Level 1 a long staircase Level 2 Level 3 a long staircase Level 4 Level 5 Level 6 many fountains Level 7 <- You were here a fountain stairs to Sokoban Sokoban: Level 6 stairs to The Dungeons of Doom History has recorded: On T:1 you entered the Dungeons of Doom to retrieve the Amulet of Yendor! On T:268 you reached level 2 of The Dungeons of Doom. On T:602 you advanced to experience level 2. On T:637 you reached level 3 of The Dungeons of Doom. On T:1047 you reached level 4 of The Dungeons of Doom. On T:1143 you advanced to experience level 3. On T:1329 you reached level 5 of The Dungeons of Doom. On T:1618 you advanced to experience level 4. On T:1651 you reached level 6 of The Dungeons of Doom. On T:2015 you advanced to experience level 5. On T:2125 you reached level 7 of The Dungeons of Doom. On T:2172 you reached level 4 of Sokoban. Score breakdown: Gold: 196 ( 7804 points) Experience: 5 levels (11141 points) Exploration: 7 levels ( 15.56%) (11078 points) Discoveries: 6 items ( 2.01%) ( 4249 points) Valuables value: (no points given unless you survive) Artifact value: 0 ( 0 points) Variety of kills: 28 monsters ( 7.35%) ( 8132 points) Turncount: 3326 turns ( -752 points) Survival: died (score multiplied by 80%) Total score: 33321 Latest messages: The crossbow bolt misses the giant ant. The giant ant misses. The giant ant bites! The giant ant misses. The giant ant bites! You try to move the boulder, but in vain. You miss the giant ant. The giant ant bites! (2x) The crossbow bolt misses the giant ant. The giant ant bites! The giant ant just misses! The giant ant bites! The giant ant just misses! You hit the giant ant. The giant ant misses. The giant ant bites! You miss the giant ant. The giant ant misses. The giant ant bites! (2x) You die... Final status: Goodbye Billy ~E.M~ the Ranger, killed by a giant ant... You died in The Dungeons of Doom on dungeon level 7 with 33321 points, and 196 pieces of gold, after 3326 moves. You were level 5 with a maximum of 31 hit points when you died.